General information
- name: BNet
- type: Ladder team game (AT/RT)
- host: Battle.net
- saver: HoneyBlunt
map: GoldRush
- players: 8
- length: 33:58
- speed: Fast
- version: 1.24 W3XP
- replay type: Public
» download(368 KB)
Players
team 1 (loser)
BaX) (
purple | 90 APM | 3059 actions | 33:57)
6 Tauren Chieftain
3 Endurance Aura
2 War Stomp
1 Reincarnation
3 Shadow Hunter
1 Hex
2 Healing Wave
» actions
| Assign group hotkey | 234 | |
| Basic commands | 35 | |
| Build / train | 91 | |
| ESC pressed | 1 | |
| Enter build submenu | 20 | |
| Enter hero's abilities submenu | 9 | |
| Give item / drop item | 3 | |
| Right click | 1776 | |
| Select / deselect | 509 | |
| Select group hotkey | 256 | |
| Use ability | 125 | |
3059 total
» units
| Peon | 8 | |
| Troll Headhunter/Berserker | 32 | |
| Demolisher | 6 | |
| Troll Batrider | 10 | |
56 total
» upgrades
| Ranged Weapons | 3 | |
| Armor | 2 | |
| Burning Oil | 1 | |
| Berserker Upgrade | 1 | |
| Reinforced Defenses | 1 | |
8 total
» buildings
| Altar of Storms | 1 | |
| Orc Burrow | 8 | |
| War Mill | 1 | |
| Barracks | 2 | |
| Voodoo Lounge | 1 | |
| Stronghold | 1 | |
| Fortress | 1 | |
| Watch Tower | 1 | |
| Great Hall | 1 | |
| Beastiary | 2 | |
19 total
» build order
00:10 Altar of Storms
00:16 Orc Burrow
00:34 War Mill
01:05 Barracks
01:44 Barracks
02:00 Orc Burrow
02:34 Voodoo Lounge
04:11 Orc Burrow
04:42 Stronghold
06:44 Orc Burrow
07:15 Fortress
08:16 Orc Burrow
09:17 Watch Tower
10:17 Orc Burrow
14:07 Orc Burrow
21:53 Great Hall
24:12 Beastiary
24:14 Beastiary
28:11 Orc Burrow
» items
| Healing Salve | 3 | |
| Scroll of Speed | 2 | |
| Scroll of Town Portal | 4 | |
| Scroll of Protection | 2 | |
| Orb of Lightning | 1 | |
| Potion of Lesser Invulnerability | 1 | |
13 total
Emerald_FuRy (
yellow | 55 APM | 1794 actions | 32:54)
3 Priestess of the Moon
2 Searing Arrows
1 Trueshot Aura
» actions
| Assign group hotkey | 18 | |
| Basic commands | 68 | |
| Build / train | 48 | |
| ESC pressed | 3 | |
| Enter build submenu | 18 | |
| Enter hero's abilities submenu | 3 | |
| Remove unit from queue | 1 | |
| Right click | 882 | |
| Select / deselect | 328 | |
| Select group hotkey | 317 | |
| Use ability | 108 | |
1794 total
» units
» buildings
| Altar of Elders | 2 | |
| Moon Well | 5 | |
| Hunter's Hall | 2 | |
| Ancient of War | 2 | |
| Tree of Life | 5 | |
| Ancient Protector | 1 | |
17 total
» build order
00:10 Altar of Elders
00:15 Moon Well
01:55 Hunter's Hall
01:59 Ancient of War
02:32 Ancient of War
02:37 Moon Well
04:31 Moon Well
04:58 Moon Well
06:15 Tree of Life
06:51 Tree of Life
08:06 Ancient Protector
08:21 Tree of Life
12:48 Hunter's Hall
16:22 Tree of Life
16:44 Tree of Life
16:56 Moon Well
25:50 Altar of Elders
» items
| Scroll of Town Portal | 2 | |
| Potion of Lesser Invulnerability | 1 | |
| Scroll of Protection | 1 | |
4 total
Heavyd-unit (
pink | 101 APM | 3327 actions | 32:52)
6 Death Knight
3 Death Coil
3 Unholy Aura
5 Lich
3 Frost Nova
2 Frost Armor
» actions
| Assign group hotkey | 70 | |
| Basic commands | 12 | |
| Build / train | 93 | |
| ESC pressed | 10 | |
| Enter build submenu | 23 | |
| Enter hero's abilities submenu | 11 | |
| Give item / drop item | 7 | |
| Right click | 1526 | |
| Select / deselect | 696 | |
| Select group hotkey | 686 | |
| Use ability | 193 | |
3327 total
» units
| Acolyte | 8 | |
| Ghoul | 2 | |
| Crypt Fiend | 12 | |
| Forest Troll Shadow Priest | 1 | |
| Obsidian Statue | 4 | |
| Frost Wyrm | 16 | |
43 total
» upgrades
| Creature Attack | 3 | |
| Burrow | 1 | |
| Web | 1 | |
| Destroyer Form | 1 | |
| Freezing Breath | 1 | |
| Creature Carapace | 1 | |
8 total
» buildings
| Graveyard | 1 | |
| Crypt | 1 | |
| Altar of Darkness | 1 | |
| Ziggurat | 7 | |
| Tomb of Relics | 1 | |
| Nerubian Tower | 2 | |
| Halls of the Dead | 1 | |
| Black Citadel | 1 | |
| Sacrificial Pit | 1 | |
| Slaughterhouse | 1 | |
| Boneyard | 3 | |
| Spirit Tower | 3 | |
23 total
» build order
00:07 Graveyard
00:10 Crypt
00:30 Altar of Darkness
00:46 Ziggurat
01:11 Tomb of Relics
01:48 Ziggurat
03:22 Nerubian Tower
03:51 Halls of the Dead
04:15 Ziggurat
05:04 Ziggurat
06:12 Black Citadel
06:27 Sacrificial Pit
07:09 Slaughterhouse
07:13 Ziggurat
08:33 Boneyard
08:35 Boneyard
10:22 Ziggurat
13:09 Ziggurat
27:01 Nerubian Tower
27:02 Spirit Tower
27:02 Spirit Tower
27:28 Spirit Tower
28:08 Boneyard
» items
| Rod of Necromancy | 1 | |
| Healing Salve | 5 | |
| Scroll of Speed | 2 | |
| Scroll of Town Portal | 4 | |
| Potion of Lesser Invulnerability | 2 | |
| Orb of Corruption | 1 | |
| Lesser Clarity Potion | 1 | |
16 total

»
LH-A12THAS (
blue | 113 APM | 3694 actions | 32:47)
5 Archmage
3 Summon Water Elemental
2 Brilliance Aura
5 Mountain King
3 Storm Bolt
2 Bash
3 Paladin
2 Holy Light
1 Devotion Aura
» actions
| Assign group hotkey | 39 | |
| Basic commands | 51 | |
| Build / train | 94 | |
| Enter build submenu | 35 | |
| Enter hero's abilities submenu | 13 | |
| Give item / drop item | 3 | |
| Remove unit from queue | 1 | |
| Right click | 1429 | |
| Select / deselect | 500 | |
| Select group hotkey | 1402 | |
| Use ability | 127 | |
3694 total
» units
| Peasant | 14 | |
| Footman | 13 | |
| Priest | 4 | |
| Gryphon Rider | 8 | |
| Spell Breaker | 3 | |
| Knight | 1 | |
| Dragonhawk Rider | 2 | |
45 total
» upgrades
| Defend | 1 | |
| Lumber Harvesting | 2 | |
| Priest Training | 2 | |
| Swords | 2 | |
| Storm Hammers | 1 | |
| Gunpowder | 1 | |
| Armor | 2 | |
| Animal War Training | 1 | |
| Masonry | 1 | |
13 total
» buildings
| Barracks | 1 | |
| Altar of Kings | 1 | |
| Farm | 13 | |
| Scout Tower | 9 | |
| Arcane Tower | 1 | |
| Town Hall | 2 | |
| Lumber Mill | 1 | |
| Keep | 1 | |
| Guard Tower | 3 | |
| Arcane Vault | 1 | |
| Blacksmith | 1 | |
| Castle | 1 | |
| Arcane Sanctum | 1 | |
| Gryphon Aviary | 2 | |
38 total
» build order
00:20 Barracks
00:35 Altar of Kings
00:49 Farm
01:28 Farm
01:58 Farm
02:09 Scout Tower
02:12 Scout Tower
02:26 Farm
02:40 Arcane Tower
02:51 Scout Tower
03:53 Town Hall
04:07 Lumber Mill
05:31 Keep
06:01 Guard Tower
06:25 Arcane Vault
06:50 Blacksmith
08:15 Castle
08:18 Arcane Sanctum
08:49 Gryphon Aviary
08:53 Gryphon Aviary
09:30 Farm
09:31 Farm
09:32 Farm
09:34 Farm
11:07 Scout Tower
11:08 Scout Tower
11:09 Scout Tower
11:12 Scout Tower
11:12 Scout Tower
11:15 Scout Tower
11:57 Guard Tower
15:20 Farm
15:22 Farm
17:03 Guard Tower
20:13 Town Hall
30:23 Farm
30:25 Farm
30:27 Farm
» items
| Scroll of Regeneration | 4 | |
| Scroll of Town Portal | 5 | |
9 total
team 2 (winner)
el_tacO_es_amOr (
red | 71 APM | 2409 actions | 33:58)
6 Priestess of the Moon
2 Searing Arrows
3 Trueshot Aura
1 Starfall
2 Keeper of the Grove
1 Entangling Roots
1 Thorns Aura
» actions
| Assign group hotkey | 48 | |
| Basic commands | 87 | |
| Build / train | 104 | |
| Enter build submenu | 36 | |
| Enter hero's abilities submenu | 8 | |
| Give item / drop item | 1 | |
| Remove unit from queue | 1 | |
| Right click | 994 | |
| Select / deselect | 317 | |
| Select group hotkey | 744 | |
| Use ability | 69 | |
2409 total
» units
| Wisp | 33 | |
| Huntress | 7 | |
| Dryad | 11 | |
| Hippogryph | 12 | |
| Mountain Giant | 2 | |
| Chimaera | 6 | |
71 total
» upgrades
| Ultravision | 1 | |
| Abolish Magic | 1 | |
| Hardened Skin | 1 | |
| Resistant Skin | 1 | |
| Corrosive Breath | 1 | |
| Strength of the Wild | 3 | |
| Reinforced Hides | 1 | |
| Well Spring | 1 | |
10 total
» buildings
| Altar of Elders | 1 | |
| Moon Well | 12 | |
| Hunter's Hall | 1 | |
| Ancient of War | 3 | |
| Ancient Protector | 2 | |
| Tree of Ages | 1 | |
| Ancient of Wonders | 2 | |
| Tree of Life | 4 | |
| Ancient of Lore | 3 | |
| Ancient of Wind | 2 | |
| Tree of Eternity | 1 | |
| Chimaera Roost | 2 | |
34 total
» build order
00:09 Altar of Elders
00:29 Moon Well
01:38 Hunter's Hall
01:59 Ancient of War
02:26 Moon Well
02:33 Ancient of War
02:50 Moon Well
03:11 Moon Well
03:26 Moon Well
03:48 Moon Well
03:59 Ancient Protector
05:12 Ancient Protector
05:49 Tree of Ages
06:14 Ancient of War
08:52 Moon Well
09:30 Ancient of Wonders
09:56 Tree of Life
10:35 Ancient of Lore
11:41 Ancient of Lore
11:45 Moon Well
11:59 Ancient of Wonders
12:38 Ancient of Wind
13:20 Moon Well
13:43 Ancient of Lore
15:45 Moon Well
16:55 Tree of Eternity
17:35 Ancient of Wind
17:50 Tree of Life
19:17 Chimaera Roost
19:22 Chimaera Roost
24:56 Tree of Life
30:25 Moon Well
30:26 Moon Well
33:13 Tree of Life
» items
| Scroll of Town Portal | 6 | |
| Scroll of Protection | 2 | |
| Potion of Lesser Invulnerability | 1 | |
| Staff of Preservation | 1 | |
10 total
HoneyBlunt (
orange | 76 APM | 2594 actions | 33:58)
4 Tauren Chieftain
2 War Stomp
2 Endurance Aura
5 Shadow Hunter
2 Hex
3 Healing Wave
» actions
| Assign group hotkey | 15 | |
| Basic commands | 68 | |
| Build / train | 63 | |
| Enter build submenu | 27 | |
| Enter hero's abilities submenu | 9 | |
| Give item / drop item | 2 | |
| Right click | 1517 | |
| Select / deselect | 362 | |
| Select group hotkey | 409 | |
| Use ability | 122 | |
2594 total
» units
| Peon | 21 | |
| Grunt | 6 | |
| Tauren | 6 | |
| Troll Witch Doctor | 4 | |
37 total
» upgrades
| Spiked Barricades | 2 | |
| Armor | 1 | |
| Berserker Strength | 1 | |
| Witch Doctor Training | 2 | |
| Reinforced Defenses | 1 | |
| Pulverize | 1 | |
8 total
» buildings
| Orc Burrow | 8 | |
| Barracks | 1 | |
| Altar of Storms | 2 | |
| War Mill | 3 | |
| Voodoo Lounge | 1 | |
| Watch Tower | 5 | |
| Stronghold | 1 | |
| Great Hall | 4 | |
| Spirit Lodge | 1 | |
| Fortress | 1 | |
| Tauren Totem | 2 | |
29 total
» build order
00:05 Orc Burrow
00:12 Barracks
00:34 Altar of Storms
01:36 Orc Burrow
02:11 War Mill
02:22 Voodoo Lounge
03:34 Watch Tower
03:38 Watch Tower
03:42 Watch Tower
03:58 Orc Burrow
05:13 Stronghold
06:08 Orc Burrow
06:17 Great Hall
07:42 Spirit Lodge
07:55 Fortress
10:01 Watch Tower
10:25 War Mill
11:24 Tauren Totem
11:51 Watch Tower
12:50 Orc Burrow
12:50 Orc Burrow
12:53 Orc Burrow
14:21 Tauren Totem
16:46 Altar of Storms
26:05 Great Hall
29:43 Great Hall
30:32 Great Hall
31:48 Orc Burrow
33:08 War Mill
» items
| Healing Salve | 1 | |
| Scroll of Town Portal | 2 | |
| Orb of Lightning | 1 | |
4 total
Miles_Edgeworth (
green | 141 APM | 4785 actions | 33:57)
7 Death Knight
3 Death Coil
3 Unholy Aura
1 Animate Dead
2 Lich
1 Frost Nova
1 Frost Armor
5 Dark Ranger
3 Silence
2 Black Arrow
» actions
| Assign group hotkey | 34 | |
| Basic commands | 85 | |
| Build / train | 78 | |
| ESC pressed | 1 | |
| Enter build submenu | 29 | |
| Enter hero's abilities submenu | 14 | |
| Give item / drop item | 3 | |
| Right click | 1732 | |
| Select / deselect | 884 | |
| Select group hotkey | 1825 | |
| Use ability | 100 | |
4785 total
» units
| Acolyte | 13 | |
| Ghoul | 4 | |
| Crypt Fiend | 8 | |
| Frost Wyrm | 9 | |
34 total
» upgrades
| Creature Attack | 3 | |
| Web | 1 | |
| Creature Carapace | 2 | |
6 total
» buildings
| Crypt | 1 | |
| Graveyard | 1 | |
| Altar of Darkness | 3 | |
| Ziggurat | 16 | |
| Tomb of Relics | 1 | |
| Nerubian Tower | 3 | |
| Necropolis | 2 | |
| Halls of the Dead | 1 | |
| Black Citadel | 2 | |
| Spirit Tower | 2 | |
| Sacrificial Pit | 1 | |
| Boneyard | 2 | |
35 total
» build order
00:06 Crypt
00:10 Graveyard
00:29 Altar of Darkness
00:51 Ziggurat
01:40 Tomb of Relics
01:59 Ziggurat
02:36 Nerubian Tower
04:23 Necropolis
05:17 Halls of the Dead
05:54 Ziggurat
06:49 Ziggurat
06:50 Ziggurat
08:12 Black Citadel
08:27 Nerubian Tower
08:28 Spirit Tower
09:10 Ziggurat
10:15 Sacrificial Pit
11:33 Spirit Tower
12:10 Boneyard
12:51 Boneyard
14:26 Ziggurat
15:19 Ziggurat
21:25 Necropolis
24:44 Altar of Darkness
24:48 Ziggurat
24:48 Ziggurat
24:50 Ziggurat
24:51 Ziggurat
27:51 Altar of Darkness
28:17 Ziggurat
28:35 Ziggurat
29:29 Ziggurat
29:32 Nerubian Tower
29:36 Ziggurat
» items
| Rod of Necromancy | 2 | |
| Dust of Appearance | 1 | |
| Boots of Speed | 1 | |
| Potion of Healing | 5 | |
| Orb of Corruption | 1 | |
| Scroll of Town Portal | 3 | |
13 total
whyohwhy (
teal | 124 APM | 4196 actions | 33:58)
5 Mountain King
3 Storm Bolt
2 Thunder Clap
5 Paladin
1 Divine Shield
3 Devotion Aura
1 Holy Light
» actions
| Assign group hotkey | 36 | |
| Basic commands | 49 | |
| Build / train | 105 | |
| ESC pressed | 8 | |
| Enter build submenu | 41 | |
| Enter hero's abilities submenu | 10 | |
| Give item / drop item | 2 | |
| Right click | 1761 | |
| Select / deselect | 479 | |
| Select group hotkey | 1560 | |
| Use ability | 145 | |
4196 total
» units
| Peasant | 22 | |
| Footman | 5 | |
| Rifleman | 9 | |
| Sorceress | 5 | |
| Dragonhawk Rider | 12 | |
| Gryphon Rider | 2 | |
| Knight | 1 | |
56 total
» upgrades
| Gunpowder | 1 | |
| Lumber Harvesting | 1 | |
2 total
» buildings
| Barracks | 2 | |
| Altar of Kings | 2 | |
| Farm | 9 | |
| Arcane Vault | 2 | |
| Town Hall | 5 | |
| Scout Tower | 6 | |
| Blacksmith | 1 | |
| Lumber Mill | 1 | |
| Arcane Tower | 3 | |
| Keep | 3 | |
| Castle | 1 | |
| Gryphon Aviary | 2 | |
| Arcane Sanctum | 4 | |
| Guard Tower | 3 | |
44 total
» build order
00:11 Barracks
00:14 Barracks
00:23 Altar of Kings
00:36 Farm
00:51 Farm
01:36 Farm
02:53 Arcane Vault
03:36 Town Hall
03:40 Scout Tower
03:50 Farm
04:40 Blacksmith
05:07 Lumber Mill
06:06 Arcane Tower
06:11 Keep
07:11 Farm
07:12 Farm
07:12 Farm
08:43 Scout Tower
08:45 Scout Tower
08:48 Scout Tower
09:55 Castle
10:00 Gryphon Aviary
10:06 Arcane Sanctum
10:09 Gryphon Aviary
12:58 Guard Tower
13:01 Arcane Tower
13:01 Arcane Tower
13:27 Arcane Vault
13:39 Guard Tower
14:55 Town Hall
14:59 Town Hall
15:24 Farm
15:26 Farm
15:39 Altar of Kings
16:18 Scout Tower
16:21 Scout Tower
18:08 Guard Tower
19:28 Keep
24:48 Arcane Sanctum
24:50 Arcane Sanctum
24:52 Arcane Sanctum
26:58 Town Hall
29:19 Town Hall
» items
| Scroll of Regeneration | 6 | |
| Lesser Clarity Potion | 2 | |
| Mechanical Critter | 2 | |
| Circlet of Nobility | 1 | |
| Scroll of Healing | 2 | |
| Potion of Lesser Invulnerability | 1 | |
| Scroll of Protection | 1 | |
| Potion of Mana | 1 | |
| Potion of Healing | 2 | |
| Scroll of Town Portal | 4 | |
| Ivory Tower | 1 | |
| Staff of Teleportation | 1 | |
24 total
Chat log
(00:12 / Allies) Miles_Edgeworth: i hate this map so much hahah
(00:21 / Allies) HoneyBlunt: expo tower
(00:24 / Allies) HoneyBlunt: kill expo
(00:53 / Allies) HoneyBlunt: they may rush
(00:56 / Allies) HoneyBlunt: after clear mine
(01:08 / All) LH-A12THAS: gl
(01:10 / All) HoneyBlunt: 2
(01:14 / All) BaX): LEAVE
(01:25 / All) Emerald_FuRy: QUIET BAX
(04:15 / Allies) el_tacO_es_amOr: lol
(04:23 / Allies) Miles_Edgeworth: ?
(04:30 / Allies) el_tacO_es_amOr: i killed yelowss hero
(04:34 / Allies) Miles_Edgeworth: nice
(04:54 / Allies) Miles_Edgeworth: do they have orc?
(06:32 / Allies) HoneyBlunt: it is time
(07:54 / Allies) Miles_Edgeworth: b
(08:17 / Allies) Miles_Edgeworth: any lmber
(10:35 / Allies) Miles_Edgeworth: ud
(10:42 / Allies) Miles_Edgeworth: they have a ton of expos
(10:43 / Allies) Miles_Edgeworth: alread
(10:44 / Allies) Miles_Edgeworth: y
(11:04 / Allies) el_tacO_es_amOr: they hack_
(11:20 / Allies) Miles_Edgeworth: any lumber
(12:27 / Allies) Miles_Edgeworth: coming
(13:05 / Allies) Miles_Edgeworth: i need a tp
(13:51 / Allies) Miles_Edgeworth: dk
(14:47 / Allies) Miles_Edgeworth: can someone lubmer me
(17:06 / Allies) Miles_Edgeworth: let's go now'
(18:24 / Allies) Miles_Edgeworth: we leaving it?
(21:03 / Allies) Miles_Edgeworth: leave my base? i'm at 100
(21:16 / Allies) Miles_Edgeworth: no
(21:17 / Allies) el_tacO_es_amOr: no
(21:27 / Allies) Miles_Edgeworth: u
(21:27 / Allies) el_tacO_es_amOr: nee d scrolls
(22:03 / Allies) Miles_Edgeworth: killing
(24:26 / All) BaX): GG
(24:29 / All) Emerald_FuRy: gg
(24:31 / All) BaX): WE STILL RUSTY
(24:35 / All) HoneyBlunt: gg
(24:43 / All) BaX): honey
(24:50 / All) BaX): this is your first win vs me emmy and thazzy
(24:51 / All) BaX): in 4s
(24:51 / All) BaX): :D
(24:54 / All) Emerald_FuRy: :(
(24:58 / All) HoneyBlunt: gg
(25:33 / Allies) Miles_Edgeworth: getting him
(25:48 / Allies) whyohwhy: miles get acos on mine
(25:52 / Allies) Miles_Edgeworth: needed
(25:52 / Allies) Miles_Edgeworth: food
(25:57 / Allies) whyohwhy: k
(26:31 / Allies) Miles_Edgeworth: nice job
(26:44 / Allies) Miles_Edgeworth: can someone buy me a tp
(26:52 / Allies) el_tacO_es_amOr: i have one extra
(26:59 / Allies) Miles_Edgeworth: it's k i have enough now
(27:12 / Allies) Miles_Edgeworth: it's mined out
(27:35 / Allies) Miles_Edgeworth: no
(27:36 / Allies) Miles_Edgeworth: don't
(27:37 / Allies) Miles_Edgeworth: botehr
(28:57 / Allies) Miles_Edgeworth: i have wood
(28:59 / Allies) Miles_Edgeworth: who are you hahah
(29:09 / Allies) Miles_Edgeworth: what color lol
(29:18 / Allies) Miles_Edgeworth: sorry
(29:41 / Allies) Miles_Edgeworth: going
(29:49 / Allies) Miles_Edgeworth: everywhere i can reasonably go with shade heh
(30:05 / Allies) Miles_Edgeworth: yep
(30:29 / Allies) Miles_Edgeworth: fuck i'm never going to get my lich back
(31:08 / Allies) el_tacO_es_amOr: who
(31:13 / Allies) Miles_Edgeworth: don't send to me i'm in upkeep
(31:38 / Allies) Miles_Edgeworth: his base is weak
(31:42 / Allies) Miles_Edgeworth: anyway
(31:51 / Allies) Miles_Edgeworth: no corner expo
(32:35 / All) Emerald_FuRy: gg :P
(32:52 / All) HoneyBlunt: gg